 Dungeon Sprint DCSS version 0.21.0-3-g78d12a8 (webtiles) character file.

60503 nuthulu the Impregnable (level 14, -18/155 HPs)
             Began as a Minotaur Fighter on Jan 11, 2018.
             Was the Champion of Jiyva.
             Killed by the air
             ... invoked by a titan
              (35 damage)
             ... in the Dungeon (Sprint V: "Ziggurat Sprint").
             The game lasted 00:09:43 (546 turns).

nuthulu the Impregnable (Minotaur Fighter)           Turns: 546, Time: 00:09:44

Health: -18/155    AC: 35    Str: 22    XL:     14   Next: 57%
Magic:  22/22      EV: 18    Int:  7    God:    Jiyva [******]
Gold:   0          SH: 37    Dex: 20    Spells: 13/13 levels left

rFire    + . .     SeeInvis +   F - +14 obsidian axe {chop, +Fly SInv *Curse} (curse)
rCold    + . .     Gourm    .   H - +18 shield of the Gong {rElec rN+ MR+ EV-5}
rNeg     + . .     Faith    .   G - +15 Maxwell's patent armour {-Cast -Tele rElec MR+ rCorr}
rPois    +         Spirit   .   (helmet restricted)
rElec    +         Reflect  +   (no cloak)
rCorr    +         Harm     .   (no gloves)
MR       ++++.     Clarity  +   (no boots) Stlth ..........NoTele +
                                P - +4 amulet of reflection
HPRegen  0.35/turn NoCast   +   L - ring "Nahaigol" {rElec rF+ rC+ MP+9 SInv}
MPRegen  0.18/turn              z - +6 ring of dexterity

@: mesmerised
A: retaliatory headbutt, horns 2, repulsion field 1, rugged brown scales 1,
slimy green scales 1, clarity, clever 1, magic resistance 1, poison resistance,
acidic bite, pseudopods 1, translucent skin 2, evolution 1, jelly absorbing
missiles
a: Request Jelly, Slimify, Cure Bad Mutation, Renounce Religion, Evoke Flight


You were in the Dungeon.
You worshipped Jiyva.
Jiyva was exalted by your worship.
You were completely stuffed.

You visited 1 branch

Inventory:

Hand Weapons
 a - a +0 war axe
 F - the cursed +14 obsidian axe (weapon) {chop, +Fly SInv *Curse}
   (You found it in the Dungeon)

   It inflicts extra damage upon your enemies.
   It lets you see invisible.
   It lets you fly.
   It curses itself when equipped.
   It has a curse placed upon it.
Armour
 b - a +0 scale mail
 c - a +0 shield
 G - the +15 Maxwell's patent armour (worn) {-Cast -Tele rElec MR+ rCorr}
   (You found it in the Dungeon)

   It insulates you from electricity.
   It affects your resistance to hostile enchantments.
   It prevents spellcasting.
   It prevents most forms of teleportation.
   It protects you from acid and corrosion.
 H - the +18 shield of the Gong (worn) {rElec rN+ MR+ EV-5}
   (You found it in the Dungeon)

   It affects your evasion (-5).
   It insulates you from electricity.
   It protects you from negative energy.
   It affects your resistance to hostile enchantments.
Jewellery
 o - the ring of the Rabble {rElec rC+ Stlth+}
   (You found it in the Dungeon)

   [ring of stealth]

   It protects you from cold.
   It insulates you from electricity.
   It makes you more stealthy.
 z - a +6 ring of dexterity (right hand)
 A - a +6 ring of dexterity
 B - a +6 ring of intelligence
 C - a +6 ring of intelligence
 D - a +6 ring of strength
 E - a +6 ring of strength
 I - the ring of Xaneosea {rElec MR+ MP-9 Str+3 Stlth+}
   (You found it in the Dungeon)

   [ring of protection from magic]

   It affects your strength (+3).
   It insulates you from electricity.
   It affects your resistance to hostile enchantments.
   It affects your magic capacity (-9).
   It makes you more stealthy.
 J - the amulet of the Hidden Tables {Inacc +Blink rPois Int+3 Dex+2}
   (You found it in the Dungeon)

   [amulet of inaccuracy]

   It reduces the accuracy of all your attacks.
   It affects your intelligence (+3).
   It affects your dexterity (+2).
   It protects you from poison.
   It lets you blink.
 K - a +4 ring of slaying
 L - the ring "Nahaigol" (left hand) {rElec rF+ rC+ MP+9 SInv}
   (You found it in the Dungeon)

   [ring of magical power]

   It protects you from fire.
   It protects you from cold.
   It insulates you from electricity.
   It affects your magic capacity (+9).
   It lets you see invisible.
 M - the amulet of Kiexzall {Harm *Drain Str+4 Int+3 Dex+4}
   (You found it in the Dungeon)

   [amulet of harm]

   It increases damage dealt and taken.
   It affects your strength (+4).
   It affects your intelligence (+3).
   It affects your dexterity (+4).
   It causes draining when unequipped.
 O - the ring "Fegigyhee" {+Blink rPois rF+ rC+}
   (You found it in the Dungeon)

   [ring of poison resistance]

   It protects you from fire.
   It protects you from cold.
   It protects you from poison.
   It lets you blink.
 P - a +4 amulet of reflection (around neck)
 Q - the ring "Zevveq" {+Blink rElec Str-2 Dex+6 Stlth-}
   (You found it in the Dungeon)

   [ring of loudness]

   It affects your strength (-2).
   It affects your dexterity (+6).
   It insulates you from electricity.
   It lets you blink.
   It makes you less stealthy.
Wands
 w - a wand of disintegration (7)
 x - a wand of iceblast (7)
 y - a wand of acid (7)
Scrolls
 k - 4 scrolls of blinking
 q - 4 scrolls of amnesia
 r - 7 scrolls of fog
 s - a scroll of holy word
 t - 5 scrolls of identify
 u - 5 scrolls of remove curse
 v - 2 scrolls of fear
Potions
 d - 6 potions of might
 e - 12 potions of curing
 g - 10 potions of heal wounds
 h - 10 potions of haste
 i - 7 potions of magic
 j - 3 potions of berserk rage
 l - 2 potions of brilliance
 m - 2 potions of invisibility
 n - 4 potions of resistance
 p - 5 potions of agility
Comestibles
 f - 7 rations


   Skills:
 - Level 21.5 Fighting
 - Level 19.8 Axes
 + Level 26.7 Armour
 + Level 19.8 Dodging
 - Level 15.0 Shields


You had 13 spell levels left.
You didn't know any spells.

Dungeon Overview and Level Annotations

Branches:
Dungeon (1/1)

Altars:
Ashenzari
Cheibriados
Dithmenos
Elyvilon
Fedhas
Gozag
Hepliaklqana
Kikubaaqudgha
Makhleb
Nemelex Xobeh
Okawaru
Qazlal
Ru
Sif Muna
Trog
Uskayaw
Vehumet
Wu Jian
Xom
Yredelemnul
Zin
The Shining One
Beogh
Jiyva
Lugonu

Annotations:
D 1 transporter


Innate Abilities, Weirdness & Mutations

You reflexively headbutt those who attack you in melee.
You have a pair of horns on your head.
You are surrounded by a mild repulsion field. (EV +2)
You are partially covered in rugged brown scales. (AC +1, +3% HP)
You are partially covered in slimy green scales. (AC +2)
You possess an exceptional clarity of mind.
Your mind is acute. (Int +2)
You are resistant to hostile enchantments. (MR+)
Your system is resistant to poisons. (rPois)
You have acidic saliva.
Armour fits poorly on your pseudopods.
Your translucent skin reduces your foes' accuracy. (Stealth)
You evolve.
You have a small jelly attached to you that may absorb incoming projectiles.


Message History

* * * LOW HITPOINT WARNING * * *
Unknown command.
Unknown command.
You slice the air elemental!!
You destroy the air elemental!
You hit the wind drake. You miss the spriggan air mage.
You hit the air elemental. You block the air elemental's attack.
GONNNNG!
You hear a distant slurping noise.
You feel a little less hungry.
You feel better.
Your smoke demon gestures at the wind drake.
The wind drake is smitten.
The wind drake dies!
The spriggan air mage waves its arms in wide circles.
The air twists around and strikes you!
* * * LOW HITPOINT WARNING * * *
You block the spriggan air mage's attack.
GONNNNG!
The titan waves its arms in wide circles.
The air twists around and strikes you!
You die...

▓▓▓▓▓▓▓
▓▓▓▓▓▓▓▓▓▓▓▓▓▓▓▓▓▓▓▓▓▓▓▓
_8_8_8▓
.....8©8......▓.....8©8.
....._▓
..:=)[|.:}..|..▓..[=..[.}
.))..8▓
...:.}[|}.[|)..▓...)[....
....._▓
...v.ivi@......▓.......k.
.....8▓
......|ED.3....▓.....†.G.
.}..._▓
......iDC......▓.....††..
.=...8▓
...............▓.........
.|..._▓
......i[.......▓.........
.....8▓
......).[......▓..▓......
....._▓
...............▓.▓▓▓.....
.....8▓
...............▓..▓......
....._▓
...▓.......▓...▓.........


You could see a titan, 2 storm dragons, 4 spriggan air magi, an air elemental, 2
insubstantial wisps and a friendly smoke demon.

Vanquished Creatures
  Saint Roka (D)
  Nikola (D)
  A deep elf blademaster (D)
  A deep elf master archer (D)
  A ghoul (D)
  Louise (D)
  A spriggan defender (D)
  A stone giant (D)
  A very ugly thing (D)
  An apis (D)
  A deep elf annihilator (D)
  A red draconian (D)
  A dire elephant (D)
  3 crystal guardians (D)
  A vault guard (D)
  A spriggan air mage (D)
  5 dancing weapons (D)
  A soul eater (D)
  A spriggan berserker (D)
  Urug (D)
  3 deep elf knights (D)
  3 iron golems (D)
  A swamp dragon (shapeshifter) (D)
  A deep troll (shapeshifter) (D)
  A deep elf archer (D)
  Pikel (D)
  2 ugly things (D)
  An oklob plant (D)
  7 deep elf magi (D)
  3 draconians (D)
  A guardian serpent (shapeshifter) (D)
  A black mamba (D)
  2 gargoyles (D)
  2 spiny frogs (D)
  A komodo dragon (D)
  A freezing wraith (D)
  A dryad (D)
  A wind drake (D)
  A spriggan (D)
  4 air elementals (D)
  A fire elemental (D)
  A chaos spawn (D)
  A steam dragon (shapeshifter) (D)
  2 neqoxecs (D)
  Edmund (D)
  An insubstantial wisp (D)
  Purgy (D)
  2 porcupines (D)
  3 water moccasins (D)
  A crocodile (D)
  2 bullfrogs (D)
  3 earth elementals (D)
  2 crimson imps (D)
  3 starcursed masses (D)
  2 orc wizards (D)
  Jessica (D)
  An iguana (D)
  3 shadow imps (D)
  A white imp (D)
  2 adder skeletons (D)
  2 orcs (D)
  2 spectral bats (D)
  A bat skeleton (D)
  A jackal (D)
  A ball python (D)
  A jackal skeleton (D)
  A leopard gecko zombie (D)
  A spectral jackal (D)
108 creatures vanquished.

Vanquished Creatures (collateral kills)
  A pandemonium lord (D)
  An iron dragon (D)
  A vault warden (D)
  A spriggan defender (D)
  2 purple draconians (D)
  A deep elf annihilator (D)
  A fire dragon (D)
  A vault guard (D)
  A satyr (D)
  A spriggan berserker (D)
  2 soul eaters (D)
  A deep troll (shapeshifter) (D)
  An ugly thing (D)
  A starcursed mass (D)
  A draconian (D)
  A spiny frog (D)
  A yaktaur (D)
  A wind drake (D)
  A hornet (D)
  A basilisk (D)
  2 crocodiles (D)
  4 bullfrogs (D)
  A quasit (D)
  An orc wizard (D)
  A shadow imp (D)
  2 white imps (D)
  An adder skeleton (D)
  A leopard gecko zombie (D)
  A butterfly (D)
36 creatures vanquished.

Vanquished Creatures (others)
  2 deep elf master archers (D)
  4 spriggan air magi (D)
  A shining eye (shapeshifter) (D)
  A water nymph (shapeshifter) (D)
  Grinder (D)
  2 wind drakes (D)
  A water elemental (D)
  Grum (D)
13 creatures vanquished.

Grand Total: 157 creatures vanquished

Notes
Turn   | Place    | Note
-------+----------+-------------------------------------------
     0 | D        | Found the +6 Majin-Bo {vamp, Archmagi MP+6 Int+6}
     0 | D        | Found the +7 great mace "Firestarter" {inner flame, rF++}
     0 | D        | nuthulu the Minotaur Fighter began the quest for the Orb.
     0 | D        | Reached XP level 1. HP: 19/19 MP: 0/0
     0 | D        | Found a deep blue altar of Sif Muna.
     0 | D        | Found a sacrificial altar of Ru.
     0 | D        | Found a bloodstained altar of Trog.
     0 | D        | Found a stormy altar of Qazlal.
     0 | D        | Found an iron altar of Okawaru.
     0 | D        | Found a sparkling altar of Nemelex Xobeh.
     0 | D        | Found a blossoming altar of Fedhas.
     2 | D        | Found an ancient bone altar of Kikubaaqudgha.
     2 | D        | Found a transporter.
     2 | D        | Found a corrupted altar of Lugonu.
     2 | D        | Found a viscous altar of Jiyva.
     2 | D        | Found a burning altar of Makhleb.
     2 | D        | Found a hazy altar of Hepliaklqana.
     2 | D        | Found an opulent altar of Gozag.
    22 | D        | Found the +9 heavy crossbow "Sniper" {velocity, Acc+∞ SInv}
    22 | D        | Found the +10 dark maul {crush}
    22 | D        | Found the +15 Maxwell's patent armour {-Cast -Tele rElec MR+ rCorr}
    22 | D        | Found the +18 shield of the Gong {rElec rN+ MR+ EV-5}
    22 | D        | Found the cursed +14 obsidian axe {chop, +Fly SInv *Curse}
    46 | D        | Reached XP level 2. HP: 26/26 MP: 1/1
    54 | D        | Became a worshipper of Jiyva Jiduu the Shapeless
    56 | D        | Reached * piety under Jiyva
    56 | D        | Reached ** piety under Jiyva
    56 | D        | Reached *** piety under Jiyva
    56 | D        | Reached **** piety under Jiyva
    56 | D        | Gained mutation: Your body sometimes deteriorates upon taking damage. [Jiyva's grace]
    56 | D        | Gained mutation: You evolve. [Jiyva's grace]
    58 | D        | Reached ***** piety under Jiyva
    58 | D        | Lost mutation: You evolve. [Jiyva's grace]
    63 | D        | Lost mutation: Your body sometimes deteriorates upon taking damage. [Jiyva's grace]
    63 | D        | Gained mutation: You are weak. (Str -2) [Jiyva's grace]
    63 | D        | Reached ****** piety under Jiyva
    63 | D        | Lost mutation: You are weak. (Str -2) [Jiyva's grace]
    63 | D        | Gained mutation: Your spells are a little harder to cast, but a little more powerful. [Jiyva's grace]
    63 | D        | Gained mutation: You are dopey. (Int -2) [Jiyva's grace]
    63 | D        | Lost mutation: You are dopey. (Int -2) [Jiyva's grace]
    64 | D        | Lost mutation: Your spells are a little harder to cast, but a little more powerful. [Jiyva's grace]
    64 | D        | Gained mutation: Your rubbery body absorbs attacks. (AC +1, EV +1) [Jiyva's grace]
    64 | D        | Gained mutation: You have sharp toenails. [Jiyva's grace]
    64 | D        | Gained mutation: You do not regenerate when monsters are visible. [Jiyva's grace]
    65 | D        | Gained mutation: Your spells are a little easier to cast, but a little less powerful. [Jiyva's grace]
    66 | D        | Gained mutation: You possess an exceptional clarity of mind. [Jiyva's grace]
    66 | D        | Gained mutation: You are partially covered in rugged brown scales. (AC +1, +3% HP) [Jiyva's grace]
    67 | D        | Gained mutation: Your body has grown golden eyes which may confuse attackers. (Acc +3) [Jiyva's grace]
    67 | D        | Gained mutation: You are covered in slimy tendrils that may disarm your opponents. [Jiyva's grace]
    68 | D        | Lost mutation: You do not regenerate when monsters are visible. [Jiyva's grace]
    70 | D        | Lost mutation: Your spells are a little easier to cast, but a little less powerful. [Jiyva's grace]
    70 | D        | Lost mutation: You are partially covered in rugged brown scales. (AC +1, +3% HP) [Jiyva's grace]
    70 | D        | Lost mutation: You have sharp toenails. [Jiyva's grace]
    70 | D        | Gained mutation: You have acidic saliva. [Jiyva's grace]
    70 | D        | Lost mutation: Your rubbery body absorbs attacks. (AC +1, EV +1) [Jiyva's grace]
    70 | D        | Lost mutation: You have acidic saliva. [Jiyva's grace]
    72 | D        | Gained mutation: You have supernaturally acute eyesight. (SInv) [Jiyva's grace]
    72 | D        | Gained mutation: Your spells are a little harder to cast, but a little more powerful. [Jiyva's grace]
    72 | D        | Lost mutation: Your spells are a little harder to cast, but a little more powerful. [Jiyva's grace]
    72 | D        | Gained mutation: You are partially covered in slimy green scales. (AC +2) [Jiyva's grace]
    73 | D        | Lost mutation: You are partially covered in slimy green scales. (AC +2) [Jiyva's grace]
    79 | D        | Gained mutation: Armour fits poorly on your pseudopods. [Jiyva's grace]
    82 | D        | Lost mutation: You possess an exceptional clarity of mind. [Jiyva's grace]
    86 | D        | Lost mutation: Armour fits poorly on your pseudopods. [Jiyva's grace]
    90 | D        | Gained mutation: You have a beak for a mouth. [Jiyva's grace]
    96 | D        | Gained mutation: You have an increased reservoir of magic. (+10% MP) [Jiyva's grace]
   103 | D        | Gained mutation: You have sharp toenails. [Jiyva's grace]
   105 | D        | Entered arena 2.
   105 | D        | Noticed a water moccasin
   105 | D        | Found a transporter.
   108 | D        | Killed a water moccasin
   108 | D        | Reached XP level 3. HP: 31/31 MP: 2/2
   108 | D        | Reached XP level 4. HP: 39/39 MP: 3/3
   108 | D        | Gained mutation: You are weak. (Str -2) [Jiyva's grace]
   112 | D        | Lost mutation: You are weak. (Str -2) [Jiyva's power]
   113 | D        | Gained mutation: Your flesh is cold resistant. (rC+) [Jiyva's grace]
   115 | D        | Entered arena 3.
   115 | D        | Noticed an earth elemental
   115 | D        | Noticed a deep elf mage
   115 | D        | Noticed a mace of crushing
   115 | D        | Found a transporter.
   118 | D        | Lost mutation: You have sharp toenails. [Jiyva's grace]
   119 | D        | Killed a deep elf mage
   119 | D        | Reached XP level 5. HP: 45/45 MP: 4/4
   119 | D        | Reached XP level 6. HP: 51/51 MP: 5/5
   123 | D        | Killed a mace of crushing
   123 | D        | Reached XP level 7. HP: 57/57 MP: 6/6
   123 | D        | Reached XP level 8. HP: 64/64 MP: 7/7
   124 | D        | Lost mutation: Your body has grown golden eyes which may confuse attackers. (Acc +3) [Jiyva's grace]
   127 | D        | Reached skill level 15 in Shields
   129 | D        | Gained mutation: You are agile. (Dex +2) [Jiyva's grace]
   131 | D        | Gained mutation: Your translucent skin slightly reduces your foes' accuracy. (Stealth) [Jiyva's grace]
   133 | D        | Gained mutation: You are robust. (+10% HP) [Jiyva's grace]
   135 | D        | Lost mutation: You are agile. (Dex +2) [Jiyva's grace]
   135 | D        | Lost mutation: You are covered in slimy tendrils that may disarm your opponents. [Jiyva's grace]
   136 | D        | Entered arena 4.
   136 | D        | Noticed a deep elf knight
   136 | D        | Noticed a flail of protection
   136 | D        | Noticed a deep elf knight
   136 | D        | Noticed an air elemental
   136 | D        | Found a transporter.
   141 | D        | Lost mutation: You are robust. (+10% HP) [Jiyva's grace]
   143 | D        | Killed a deep elf knight
   143 | D        | Killed an air elemental
   147 | D        | Killed a flail of protection
   147 | D        | Reached XP level 9. HP: 64/70 MP: 8/8
   147 | D        | Killed a deep elf knight
   151 | D        | Entered arena 5.
   151 | D        | Noticed a starcursed mass
   151 | D        | Found a transporter.
   152 | D        | Lost mutation: You have a beak for a mouth. [Jiyva's grace]
   157 | D        | Lost mutation: Your flesh is cold resistant. (rC+) [Jiyva's grace]
   158 | D        | Killed a starcursed mass
   161 | D        | Gained mutation: You are somewhat resistant to further mutation. [Jiyva's grace]
   165 | D        | Killed a starcursed mass
   165 | D        | Lost mutation: You are somewhat resistant to further mutation. [Jiyva's grace]
   165 | D        | Killed a starcursed mass
   168 | D        | Entered arena 6.
   168 | D        | Found a transporter.
   169 | D        | Found the +5 pair of quick blades "Gyre" and "Gimble" {pierce, Dex-3}
   169 | D        | Found the cursed -5 robe of Misfortune {-Cast *Contam *Tele *Drain EV-5 Stlth-- *Curse}
   172 | D        | Reached skill level 4 in Armour
   173 | D        | Lost mutation: You have supernaturally acute eyesight. (SInv) [Jiyva's grace]
   176 | D        | Gained mutation: You are resistant to hostile enchantments. (MR+) [Jiyva's grace]
   179 | D        | Got the ring of the Rabble {rElec rC+ Stlth+}
   181 | D        | Gained mutation: Scrolls take you a little longer to read. [Jiyva's grace]
   182 | D        | Entered arena 7.
   182 | D        | Noticed a shining eye
   182 | D        | Gained mutation: You are covered in slimy tendrils that may disarm your opponents. [Jiyva's grace]
   182 | D        | Gained mutation: You have a small jelly attached to you that may absorb incoming projectiles. [Jiyva's grace]
   182 | D        | Gained mutation: You have a pair of large horns on your head. [Jiyva's grace]
   183 | D        | Found a transporter.
   183 | D        | Gained mutation: You are surrounded by a mild repulsion field. (EV +2) [Jiyva's grace]
   184 | D        | Gained mutation: You have sharp fingernails. [Jiyva's grace]
   187 | D        | Gained mutation: You have a considerably increased reservoir of magic. (+20% MP) [Jiyva's grace]
   190 | D        | Got the ring of Xaneosea {rElec MR+ MP-9 Str+3 Stlth+}
   193 | D        | Entered arena 8.
   193 | D        | Noticed a vault guard
   193 | D        | Noticed a vault warden
   193 | D        | Noticed a vault guard
   193 | D        | Noticed a freezing wraith
   193 | D        | Noticed a fire dragon
   193 | D        | Noticed a yaktaur
   193 | D        | Lost mutation: Scrolls take you a little longer to read. [Jiyva's grace]
   194 | D        | Found a transporter.
   197 | D        | Killed a freezing wraith
   197 | D        | Reached skill level 5 in Fighting
   197 | D        | Reached skill level 5 in Armour
   200 | D        | Killed a fire dragon
   200 | D        | Reached skill level 7 in Armour
   200 | D        | Killed a vault guard
   200 | D        | Reached skill level 8 in Armour
   200 | D        | Reached XP level 10. HP: 27/90 MP: 11/11
   201 | D        | Gained mutation: You have a greatly increased reservoir of magic. (+30% MP) [Jiyva's grace]
   202 | D        | Killed a vault guard
   202 | D        | Reached skill level 9 in Armour
   204 | D        | Reached skill level 10 in Fighting
   204 | D        | Reached skill level 10 in Armour
   205 | D        | Killed a vault warden
   205 | D        | Reached skill level 11 in Armour
   207 | D        | Gained mutation: You have very sharp teeth. [Jiyva's grace]
   210 | D        | Gained mutation: Scrolls take you a little longer to read. [Jiyva's grace]
   212 | D        | Entered arena 9.
   212 | D        | Noticed a purple draconian
   212 | D        | Noticed a red draconian
   212 | D        | Noticed a draconian
   212 | D        | Noticed a draconian
   212 | D        | Noticed a draconian
   212 | D        | Noticed a purple draconian
   212 | D        | Noticed a draconian
   213 | D        | Found a transporter.
   218 | D        | Gained mutation: You are agile. (Dex +2) [Jiyva's grace]
   222 | D        | Killed a draconian
   222 | D        | Killed a draconian
   222 | D        | Reached skill level 12 in Armour
   222 | D        | Killed a purple draconian
   223 | D        | Killed a purple draconian
   223 | D        | Reached skill level 13 in Armour
   223 | D        | Reached XP level 11. HP: 50/107 MP: 13/13
   224 | D        | Gained mutation: You have large cloven feet. [Jiyva's grace]
   227 | D        | Killed a red draconian
   227 | D        | Reached skill level 14 in Armour
   231 | D        | Lost mutation: Your translucent skin slightly reduces your foes' accuracy. (Stealth) [Jiyva's grace]
   238 | D        | Entered arena 10.
   239 | D        | Found the +6 arbalest "Damnation" {damnation}
   239 | D        | Found a transporter.
   239 | D        | Gained mutation: You have acidic saliva. [Jiyva's grace]
   246 | D        | Lost mutation: You are surrounded by a mild repulsion field. (EV +2) [Jiyva's grace]
   251 | D        | Lost mutation: You are agile. (Dex +2) [Jiyva's grace]
   255 | D        | Entered arena 11.
   255 | D        | Noticed Vatteu the pandemonium lord
   255 | D        | Lost mutation: Scrolls take you a little longer to read. [Jiyva's grace]
   256 | D        | Found a transporter.
   267 | D        | Lost mutation: You have a small jelly attached to you that may absorb incoming projectiles. [Jiyva's grace]
   267 | D        | Lost mutation: You have sharp fingernails. [Jiyva's grace]
   267 | D        | Lost mutation: You have a pair of large horns on your head. [Jiyva's grace]
   267 | D        | Lost mutation: You have acidic saliva. [Jiyva's grace]
   277 | D        | Gained mutation: Your rubbery body absorbs attacks. (AC +1, EV +1) [Jiyva's grace]
   279 | D        | Killed Vatteu the pandemonium lord
   279 | D        | Reached skill level 18 in Armour
   279 | D        | Reached XP level 12. HP: 108/128 MP: 14/14
   285 | D        | Got the amulet of the Hidden Tables {Inacc +Blink rPois Int+3 Dex+2}
   293 | D        | Entered arena 12.
   293 | D        | Noticed Nikola
   293 | D        | Noticed Jessica
   293 | D        | Noticed Grinder
   293 | D        | Noticed Louise
   293 | D        | Noticed Saint Roka
   293 | D        | Killed Grum
   293 | D        | Killed Grinder
   294 | D        | Noticed Purgy
   294 | D        | Noticed Pikel
   294 | D        | Noticed Edmund
   294 | D        | Noticed Urug
   294 | D        | Lost mutation: You are resistant to hostile enchantments. (MR+) [Jiyva's grace]
   295 | D        | Found a transporter.
   300 | D        | Killed Nikola
   300 | D        | Reached skill level 19 in Armour
   303 | D        | Killed Pikel
   304 | D        | Killed Urug
   305 | D        | Killed Jessica
   307 | D        | Killed Edmund
   310 | D        | Killed Louise
   311 | D        | Killed Purgy
   311 | D        | Killed Saint Roka
   311 | D        | Reached skill level 20 in Armour
   313 | D        | Lost mutation: You are covered in slimy tendrils that may disarm your opponents. [Jiyva's grace]
   324 | D        | Got the ring "Nahaigol" {rElec rF+ rC+ MP+9 SInv}
   327 | D        | Got the amulet of Kiexzall {Harm *Drain Str+4 Int+3 Dex+4}
   333 | D        | Entered arena 13.
   333 | D        | Noticed a crystal guardian
   333 | D        | Noticed a crystal guardian
   334 | D        | Noticed a stone giant
   334 | D        | Noticed an iron dragon
   334 | D        | Noticed a crystal guardian
   334 | D        | Gained mutation: You are resistant to hostile enchantments. (MR+) [Jiyva's grace]
   335 | D        | Found a transporter.
   342 | D        | Killed a crystal guardian
   342 | D        | Reached skill level 21 in Armour
   344 | D        | Gained mutation: You are agile. (Dex +2) [Jiyva's grace]
   345 | D        | Killed a stone giant
   345 | D        | Reached XP level 13. HP: 143/143 MP: 15/15
   347 | D        | Killed a crystal guardian
   354 | D        | Killed a crystal guardian
   354 | D        | Reached skill level 5 in Dodging
   355 | D        | Killed an iron dragon
   361 | D        | Lost mutation: You are agile. (Dex +2) [Jiyva's grace]
   372 | D        | Entered arena 14.
   373 | D        | Noticed an apis
   373 | D        | Noticed a spriggan defender
   374 | D        | Noticed a dire elephant
   375 | D        | Noticed a spriggan defender
   375 | D        | Found a transporter.
   380 | D        | Killed an apis
   380 | D        | Reached skill level 10 in Dodging
   380 | D        | Killed a spriggan defender
   383 | D        | Gained mutation: You have acidic saliva. [Jiyva's grace]
   387 | D        | Killed a spriggan defender
   389 | D        | Killed a dire elephant
   397 | D        | Gained mutation: Your movements are slightly less encumbered by armour. (ER -2) [Jiyva's grace]
   402 | D        | Entered arena 15.
   405 | D        | Found a transporter.
   409 | D        | Gained mutation: You are frail. (-10% HP) [a neqoxec]
   411 | D        | Reached skill level 22 in Armour
   412 | D        | Reached skill level 15 in Dodging
   418 | D        | Gained mutation: You evolve. [Jiyva's grace]
   420 | D        | Gained mutation: Your flesh is cold resistant. (rC+) [Jiyva's grace]
   423 | D        | Lost mutation: You have acidic saliva. [Jiyva's grace]
   423 | D        | Lost mutation: Your rubbery body absorbs attacks. (AC +1, EV +1) [Jiyva's grace]
   424 | D        | Lost mutation: You are frail. (-10% HP) [Jiyva's grace]
   426 | D        | Got the ring "Fegigyhee" {+Blink rPois rF+ rC+}
   426 | D        | Gained mutation: Your rubbery body absorbs attacks. (AC +1, EV +1) [Jiyva's grace]
   427 | D        | Gained mutation: Armour fits poorly on your pseudopods. [Jiyva's grace]
   429 | D        | Entered arena 16.
   430 | D        | Noticed a ghoul
   430 | D        | Lost mutation: You have large cloven feet. [Jiyva's grace]
   432 | D        | Lost mutation: You are resistant to hostile enchantments. (MR+) [Jiyva's grace]
   433 | D        | Found a transporter.
   440 | D        | Killed a ghoul
   441 | D        | Gained mutation: You are resistant to electric shocks. (rElec) [Jiyva's grace]
   444 | D        | Reached skill level 23 in Armour
   444 | D        | Gained mutation: Armour fits poorly on your large pseudopods. [Jiyva's grace]
   448 | D        | Lost mutation: Your flesh is cold resistant. (rC+) [Jiyva's grace]
   452 | D        | Lost mutation: You evolve. [Jiyva's grace]
   452 | D        | Lost mutation: Your rubbery body absorbs attacks. (AC +1, EV +1) [Jiyva's grace]
   455 | D        | Gained mutation: Your translucent skin slightly reduces your foes' accuracy. (Stealth) [Jiyva's grace]
   457 | D        | Got the ring "Zevveq" {+Blink rElec Str-2 Dex+6 Stlth-}
   459 | D        | Entered arena 17.
   462 | D        | Lost mutation: Your translucent skin slightly reduces your foes' accuracy. (Stealth) [Jiyva's grace]
   462 | D        | Lost mutation: Your movements are slightly less encumbered by armour. (ER -2) [Jiyva's grace]
   463 | D        | Noticed a purple very ugly thing
   463 | D        | Noticed a spark wasp
   463 | D        | a wolf spider changed into a spark wasp
   464 | D        | Found a transporter.
   464 | D        | Lost mutation: Armour fits poorly on your large pseudopods. [Jiyva's grace]
   467 | D        | a spark wasp changed into a deep troll
   467 | D        | Gained mutation: You possess an exceptional clarity of mind. [Jiyva's grace]
   471 | D        | Lost mutation: You possess an exceptional clarity of mind. [Jiyva's grace]
   474 | D        | Killed a white very ugly thing
   474 | D        | Reached skill level 24 in Armour
   474 | D        | Gained mutation: Your muscles are strong. (Str +2) [Jiyva's grace]
   474 | D        | Gained mutation: You have large cloven feet. [Jiyva's grace]
   475 | D        | Reached XP level 14. HP: 127/151 MP: 17/17
   478 | D        | Gained mutation: You have acidic saliva. [Jiyva's grace]
   481 | D        | Gained mutation: Your body has grown golden eyes which may confuse attackers. (Acc +3) [Jiyva's grace]
   486 | D        | Entered arena 18.
   487 | D        | Lost mutation: You have large cloven feet. [Jiyva's grace]
   488 | D        | Gained mutation: You have a small jelly attached to you that may absorb incoming projectiles. [Jiyva's grace]
   489 | D        | Noticed an azure jelly
   489 | D        | Noticed an azure jelly
   489 | D        | Lost mutation: You have a small jelly attached to you that may absorb incoming projectiles. [Jiyva's grace]
   489 | D        | Lost mutation: Armour fits poorly on your pseudopods. [Jiyva's grace]
   489 | D        | Lost mutation: You have very sharp teeth. [Jiyva's grace]
   489 | D        | Lost mutation: You are resistant to electric shocks. (rElec) [Jiyva's grace]
   489 | D        | Gained mutation: You have sharp toenails. [Jiyva's grace]
   489 | D        | Lost mutation: You have sharp toenails. [Jiyva's grace]
   490 | D        | Lost mutation: Your muscles are strong. (Str +2) [Jiyva's grace]
   490 | D        | Gained mutation: You are partially covered in slimy green scales. (AC +2) [Jiyva's grace]
   490 | D        | Gained mutation: Your flesh is cold resistant. (rC+) [Jiyva's grace]
   490 | D        | Gained mutation: You are resistant to hostile enchantments. (MR+) [Jiyva's grace]
   490 | D        | Gained mutation: You are covered in slimy tendrils that may disarm your opponents. [Jiyva's grace]
   490 | D        | Gained mutation: Your mind is acute. (Int +2) [Jiyva's grace]
   490 | D        | Lost mutation: Your mind is acute. (Int +2) [Jiyva's grace]
   490 | D        | Lost mutation: Your flesh is cold resistant. (rC+) [Jiyva's grace]
   490 | D        | Lost mutation: You are covered in slimy tendrils that may disarm your opponents. [Jiyva's grace]
   490 | D        | Lost mutation: You have a greatly increased reservoir of magic. (+30% MP) [Jiyva's grace]
   490 | D        | Gained mutation: Your translucent skin slightly reduces your foes' accuracy. (Stealth) [Jiyva's grace]
   490 | D        | Lost mutation: You have a considerably increased reservoir of magic. (+20% MP) [Jiyva's grace]
   490 | D        | Gained mutation: You are partially covered in rugged brown scales. (AC +1, +3% HP) [Jiyva's grace]
   491 | D        | Found a transporter.
   491 | D        | Gained mutation: You are surrounded by a mild repulsion field. (EV +2) [Jiyva's grace]
   494 | D        | Gained mutation: Your system is resistant to poisons. (rPois) [Jiyva's grace]
   494 | D        | Lost mutation: You have an increased reservoir of magic. (+10% MP) [Jiyva's grace]
   495 | D        | Lost mutation: Your body has grown golden eyes which may confuse attackers. (Acc +3) [Jiyva's grace]
   495 | D        | Gained mutation: You possess an exceptional clarity of mind. [Jiyva's grace]
   499 | D        | Entered arena 19.
   499 | D        | Gained mutation: You are agile. (Dex +2) [Jiyva's grace]
   499 | D        | Gained mutation: Your translucent skin reduces your foes' accuracy. (Stealth) [Jiyva's grace]
   502 | D        | Noticed a deep elf master archer
   502 | D        | Noticed a deep elf master archer
   503 | D        | Noticed a deep elf blademaster
   503 | D        | Noticed a deep elf master archer
   503 | D        | Lost mutation: You are agile. (Dex +2) [Jiyva's grace]
   507 | D        | Gained mutation: Armour fits poorly on your pseudopods. [Jiyva's grace]
   508 | D        | Reached skill level 25 in Armour
   512 | D        | Found a transporter.
   513 | D        | Killed a deep elf blademaster
   514 | D        | Killed a deep elf master archer
   515 | D        | Killed a deep elf master archer
   516 | D        | Reached skill level 26 in Armour
   517 | D        | Killed a deep elf master archer
   517 | D        | Gained mutation: You evolve. [Jiyva's grace]
   526 | D        | Gained mutation: Your mind is acute. (Int +2) [Jiyva's grace]
   532 | D        | Entered arena 20.
   538 | D        | Noticed a storm dragon
   538 | D        | Noticed a titan
   538 | D        | Noticed a storm dragon
   541 | D        | Found a transporter.
   543 | D        | Gained mutation: You have a small jelly attached to you that may absorb incoming projectiles. [Jiyva's grace]
   546 | D        | Killed from afar by a titan

Skill      XL: |  1  2  3  4  5  6  7  8  9 10 11 12 13 14 |
---------------+-------------------------------------------+-----
Axes           | 6 9 12 14 17 19 | 19.8
Shields        | 7 9 12 14 15 | 15.0
Fighting       | 8 13 18 21 | 21.5
Armour         | 8 13 18 21 24 26 | 26.7
Dodging        | 16 19 | 19.8

Action                   |  1- 3 |  4- 6 |  7- 9 | 10-12 | 13-15 || total
-------------------------+-------+-------+-------+-------+-------++-------
Melee: Broad axe         |     3 |     7 |    28 |    72 |    94 ||   204
       Headbutt          |     2 |     2 |     6 |    20 |    27 ||    57
       Kick              |     2 |       |       |    16 |    24 ||    42
       Peck              |     1 |     1 |     3 |       |       ||     5
       Bite              |       |       |       |    12 |    14 ||    26
       Pseudopods        |       |       |       |       |     9 ||     9
Invok: Cure Bad Mutation |       |     1 |       |       |     1 ||     2
       Request Jelly     |       |       |       |       |     1 ||     1
  Use: Potion            |     1 |       |       |       |       ||     1
 Stab: Distracted        |       |       |       |     5 |     2 ||     7
Armor: Plate armour      |     1 |     1 |    12 |    17 |    38 ||    69
Dodge: Dodged            |       |       |     1 |     3 |    36 ||    40
Block: Shield            |     3 |    11 |    38 |    68 |   158 ||   278
       Reflection        |       |       |       |       |    12 ||    12
